 Dungeon Crawl Stone Soup version 0.29-a0-490-g77b3608bb8 (webtiles) character file.

Game seed: 6946530650972748668

2553 siradein the Fighter (level 9, -6/147 HPs)
             Began as an Ogre Berserker on May 27, 2022.
             Was an Elder of Trog.
             Mangled by a gnoll
             ... wielding a +0 flail
             ... led by a gnoll shaman
              (8 damage)
             ... on level 7 of the Dungeon.
             The game lasted 00:15:47 (7734 turns).

siradein the Fighter (Ogre Berserker)               Turns: 7734, Time: 00:15:48

Health: -6/147     AC: 17    Str: 27    XL:     9   Next: 56%
Magic:  18/18      EV: 11    Int:  8    God:    Trog [****..]
Gold:   292        SH:  0    Dex:  8    Spells: 8/8 levels left

rFire   . . .      SeeInvis +   x - +7 staff of the Meek {protect, meekguard}
rCold   . . .      Faith    .   (shield currently unavailable)
rNeg    . . .      Spirit   .   b - +0 animal skin
rPois   .          Reflect  .   (helmet restricted)
rElec   .          Harm     .   (no cloak)
rCorr   .          Rampage  .   (gloves unavailable)
Will    .....                   (boots unavailable)
Stlth   ..........              k - amulet of the acrobat
HPRegen 0.34/turn               p - ring of magical power
MPRegen 0.16/turn               l - ring of see invisible

@: berserking (expiring), under a protective aura, very quick
A: large, unfitting armour, tough skin 1
a: Renounce Religion, Berserk, Trog's Hand, Brothers in Arms


You were on level 7 of the Dungeon.
You worshipped Trog.
Trog was greatly pleased with you.
You visited 1 branch of the dungeon, and saw 7 of its levels.
You also visited: Ossuary.

You collected 292 gold pieces.

Inventory:

Hand Weapons
 x - the +7 staff of the Meek (weapon) {protect, meekguard}
   (You found it on level 5 of the Dungeon)

   It grants its wielder temporary protection when it strikes (+7 to AC).
   It provides extra protection to wielders with little health.
 A - a +0 battleaxe
Missiles
 i - 4 large rocks
 m - 119 stones (quivered)
 u - 3 javelins
 y - 5 boomerangs
Armour
 b - a +0 animal skin (worn)
Jewellery
 k - an amulet of the acrobat (around neck)
 l - a ring of see invisible (right hand)
 p - a ring of magical power (left hand)
 F - an amulet of faith
Wands
 w - a wand of flame (9)
 z - a wand of acid (6)
Scrolls
 d - a scroll of teleportation
 e - 2 scrolls of silence {unknown}
 f - 2 scrolls of enchant armour
 g - 3 scrolls of amnesia {unknown}
 h - 2 scrolls of poison {unknown}
 r - 2 scrolls of blinking
 v - 3 scrolls of fear {unknown}
 B - a scroll of brand weapon {unknown}
 C - 2 scrolls of identify
 G - a scroll of enchant weapon {unknown}
Potions
 a - 3 potions of degeneration {unknown}
 c - a potion of curing {unknown}
 j - 2 potions of berserk rage
 n - a potion of resistance {unknown}
 o - 4 potions of attraction {unknown}
 q - 3 potions of heal wounds
 s - a potion of might {unknown}
 t - a potion of haste {unknown}
 D - 3 potions of brilliance {unknown}
 E - 2 potions of flight {unknown}


   Skills:
 + Level 9.3 Fighting
 + Level 7.1 Axes
 + Level 6.0 Throwing
 + Level 6.4 Dodging


You had 8 spell levels left.
You didn't know any spells.
Your spell library was empty.

Dungeon Overview and Level Annotations

Branches:
Dungeon (7/15)             Temple (0/1) D:6         Ossuary (visited)

Altars:
Ashenzari
Elyvilon
Makhleb
Yredelemnul
Zin
The Shining One

Annotations:
D:6 2 runed translucent doors
D:7 Dowan


Innate Abilities, Weirdness & Mutations

You are too large for most types of armour.
You have tough skin. (AC +1)


Message History

You completely miss the acid dragon.
Unknown command.
Unknown command.
You feel sick.
You are no longer poisoned.
The gnoll completely misses you.
The gnoll zaps a wand.
The puff of flame misses you.
You closely miss the acid dragon. The gnoll barely misses you.
The gnoll closely misses you.
The gnoll hits you from afar with a +0 spear.
* * * LOW HITPOINT WARNING * * *
The acid dragon bites you.
* * * LOW HITPOINT WARNING * * *
The acid dragon claws you.
* * * LOW HITPOINT WARNING * * *
Unknown command.
Unknown command.
Unknown command.
The gnoll zaps a wand.
The puff of flame misses you.
The now-empty wand crumbles to dust.
You sock the acid dragon!
Your weapon exudes an aura of protection.
The acid dragon is heavily wounded.
Unknown command.
You closely miss the acid dragon.
The acid dragon is heavily wounded.
The acid dragon misses you.
The acid dragon claws you but does no damage.
Unknown command.
You bludgeon the acid dragon!!
You feel the power of Trog in you as your rage grows.
You kill the acid dragon!
Trog accepts your kill.
The gnoll hits you from afar with a +0 spear.
* * * LOW HITPOINT WARNING * * *
Your Throwing skill increases to level 6!
You hit the gnoll.
The gnoll is moderately wounded.
The gnoll hits you with a +0 flail!
You die...

#...............##.......<......)
...###.......#..#................
.[.####......#.......<.......#.##
....# ##...####..............#.#.
....####..#.##...................
##..##...........##.......####...
##..#..#.....##............ .....
.......#......##.....#......(....
........#....###@.# .......
........#.....##g## .......
#.....#........gg##.
...#..##......##....#
..##....#.........#.... .#
#.......).#....#.... #
#..#......#...... . #
#..##..........#. .
#.##..........##..


You could see 3 gnolls.

Vanquished Creatures
  A wyvern (D:7)
  An acid dragon (D:7)
  Duvessa (D:7)
  A hornet zombie (D:5)
  3 ice beasts
  A black bear (D:6)
  2 sky beasts (D:7)
  An ogre (D:5)
  A phantom (D:4)
  2 elf zombies (Ossuary)
  2 bullfrogs
  4 scorpions
  3 centaur zombies
  4 jellies (D:6)
  2 bullfrog zombies (D:5)
  A hound (D:5)
  2 gnoll shamans
  3 orc priests
  2 iguanas
  A scorpion zombie (D:5)
  An orc wizard (D:6)
  A hound zombie (D:5)
  3 mummies
  3 howler monkey zombies (D:5)
  6 adders
  6 gnolls
  2 shadow imps
  2 adder zombies (Ossuary)
  A worm (D:4)
  A dart slug (D:3)
  14 orcs
  4 endoplasms (D:1)
  8 giant cockroaches
  7 goblins
  8 hobgoblins
  5 jackals (D:4)
  9 kobolds
  8 ball pythons
  5 bats
  5 frilled lizards
  2 goblin zombies
  13 hobgoblin zombies
  2 jackal zombies (Ossuary)
  8 kobold zombies (Ossuary)
  6 orc zombies (Ossuary)
  3 rats (D:1)
  2 rat zombies (Ossuary)
173 creatures vanquished.

Vanquished Creatures (others)
  3 fungi (D:1)
  6 plants (D:1)
  2 withered plants (D:5)
11 creatures vanquished.

Grand Total: 184 creatures vanquished

Notes
Turn   | Place    | Note
-------+----------+-------------------------------------------
     0 | D:1      | siradein the Ogre Berserker began the quest for the Orb.
     0 | D:1      | Reached XP level 1. HP: 24/24 MP: 1/1
   270 | D:1      | Reached XP level 2. HP: 15/32 MP: 2/2
   477 | D:1      | Found a faded altar of an unknown god.
   668 | D:1      | Reached XP level 3. HP: 33/40 MP: 3/3
   766 | D:1      | Reached ** piety under Trog
  2003 | D:3      | Reached XP level 4. HP: 48/49 MP: 4/4
  2332 | D:3      | Found a basalt altar of Yredelemnul.
  2456 | D:3      | Reached skill level 5 in Fighting
  2461 | D:3      | Reached skill level 1 in Throwing
  2576 | D:3      | Found a burning altar of Makhleb.
  2576 | D:3      | Noticed an Executioner
  2782 | D:4      | Reached XP level 5. HP: 49/57 MP: 5/5
  2835 | D:4      | Noticed a phantom
  3157 | D:4      | Killed a phantom
  3158 | D:4      | Reached XP level 6. HP: 6/67 MP: 6/6
  3819 | D:4      | Reached skill level 6 in Fighting
  3980 | D:5      | Entered Level 5 of the Dungeon
  3980 | D:5      | Noticed an ice beast
  3991 | D:4      | Killed an ice beast
  3992 | D:4      | Reached XP level 7. HP: 50/76 MP: 7/7
  4343 | D:5      | Reached skill level 5 in Axes
  4347 | D:5      | Reached *** piety under Trog
  4674 | D:5      | Found a broken altar of Ashenzari.
  4803 | D:5      | Reached skill level 7 in Fighting
  4961 | D:5      | Found the +7 staff of the Meek {protect, meekguard}
  4975 | D:5      | Reached XP level 8. HP: 66/87 MP: 8/8
  4978 | D:5      | Reached skill level 5 in Dodging
  5837 | D:6      | Found a staircase to the Ecumenical Temple.
  5931 | D:6      | Reached skill level 8 in Fighting
  6048 | D:6      | Found a large runed translucent door.
  6049 | D:6      | Found a large runed translucent door.
  6622 | D:7      | Found a sand-covered staircase.
  6625 | D:7      | Reached skill level 5 in Throwing
  6628 | Ossuary  | Entered an ossuary
  6707 | Ossuary  | Reached **** piety under Trog
  6894 | Ossuary  | Reached XP level 9. HP: 87/97 MP: 9/9
  7228 | D:7      | Noticed Duvessa
  7281 | D:7      | Killed Duvessa
  7446 | D:7      | Reached skill level 9 in Fighting
  7486 | D:7      | Noticed Dowan
  7622 | D:7      | Found a glowing silver altar of Zin.
  7622 | D:7      | Found a white marble altar of Elyvilon.
  7622 | D:7      | Found a glowing golden altar of the Shining One.
  7729 | D:7      | HP: 5/147 [acid dragon (6)]
  7733 | D:7      | HP: 2/147 [gnoll/+0 spear[a gnoll shaman] (3)]
  7734 | D:7      | Mangled by a gnoll

Illustrated notes

Levels and vault maps discovered:
D:1:      beargit_arrival_diablo_church, layout_loops_ring,
          dreamdust_ecumenical_altar_grove
D:2:      layout_basic
D:3:      layout_loops_ring, mainiacjoe_overflow_brackets,
          makhleb_altar_promises_db
D:4:      layout_cave_pools
D:5:      layout_rooms, mainiacjoe_overflow_alcove_4, serial_undead,
          serial_undead_a, serial_undead_d, serial_undead_d, serial_undead_f,
          minmay_misc_feat_pillars, minivault_23, st_stairs_9
D:6:      layout_loops_corners, jmf_multi_god_temple2,
          minmay_temple_entry_steel_oval
D:7:      layout_cave_pools, dreamdust_divine_triumvirate,
          nicolae_ossuary_entry_giza, uniq_duvessa

Skill      XL: |  1  2  3  4  5  6  7  8  9 |
---------------+----------------------------+-----
Dodging        | 3 4 5 6 |  6.4
Fighting       | 5 6 7 8 9 |  9.3
Throwing       | 1 2 3 5 6 |  6.0
Axes           | 4 5 6 7 |  7.1

Action                   |  1- 3 |  4- 6 |  7- 9 || total
-------------------------+-------+-------+-------++-------
Melee: Hand axe          |    56 |       |       ||    56
       Punch             |     1 |     1 |       ||     2
       War axe           |    51 |   127 |    70 ||   248
       Quarterstaff      |       |       |   237 ||   237
Throw: Stone             |    17 |       |     4 ||    21
Invok: Berserk           |       |     1 |     2 ||     3
  Use: Scroll            |       |       |     5 ||     5
Armor: Animal skin       |    30 |    45 |   133 ||   208
Dodge: Dodged            |    75 |   102 |   209 ||   386

Table legend: (Time is in decaauts)
 A = Elapsed time spent in this place.
 B = Non-inter-level travel time spent in this place.
 C = Inter-level travel time spent in this place.
 D = Time resting spent in this place.
 E = Time spent auto-exploring this place.
 F = Levels seen in this place.
 G = Mean time per level.
                   A        B        C        D        E       F      G
               +--------+--------+--------+--------+--------+-----+--------+
         Total |   7903 |   7709 |    194 |    848 |   5309 |   8 |  987.9 |
       Dungeon |   7405 |   7211 |    194 |    848 |   5073 |   7 | 1057.9 |
       Ossuary |    497 |    497 |      0 |      0 |    236 |   1 |  497.0 |
               +--------+--------+--------+--------+--------+-----+--------+

Top non-repeatable levels by time:
     D:5: 1355 daAuts
     D:3: 1354 daAuts
     D:6: 1103 daAuts
     D:1: 1053 daAuts
     D:4: 939 daAuts
     D:2: 897 daAuts
     D:7: 701 daAuts
 Ossuary: 497 daAuts
